 Dungeon Crawl Stone Soup version 0.29.1-15-g9cfb28693d (webtiles) character file.

Game seed: 1174572924459670767

308 H0rd4k the Sneak (level 6, 0/38 HPs)
             Began as an Octopode Artificer on Mar 1, 2023.
             Slain by a centaur zombie (5 damage)
             ... in an ossuary.
             The game lasted 00:04:21 (4273 turns).

H0rd4k the Sneak (Octopode Artificer)               Turns: 4273, Time: 00:04:21

Health: 0/38       AC:  1    Str: 11    XL:     6   Next: 40%
Magic:  6/6        EV: 14    Int: 15    God:
Gold:   151        SH:  0    Dex: 13    Spells: 5/5 levels left

rFire   . . .      SeeInvis .     - Unarmed
rCold   . . .      Faith    .   (no shield)
rNeg    . . .      Spirit   .   (helmet restricted)
rPois   .          Reflect  .   (no amulet)
rElec   .          Harm     .   (no ring)
rCorr   .          Rampage  .   (no ring)
Will    .....                   (no ring)
Stlth   ++++......              (no ring)
HPRegen 0.12/turn               (no ring)
MPRegen 0.10/turn               (no ring)
                                (no ring)
                                (no ring)

@: no status effects
A: almost no armour, amphibious, 8 rings, camouflage 1, gelatinous body 1,
(nimble swimmer 1), tentacles
a: no special abilities


You were in an ossuary.
You visited 1 branch of the dungeon, and saw 4 of its levels.
You also visited: Sewer and Ossuary.

You collected 151 gold pieces.

Inventory:

Missiles
 k - 8 poisoned darts
Wands
 c - a wand of charming (12)
 d - a wand of iceblast (3)
Scrolls
 e - a scroll of teleportation {unknown}
 f - a scroll of amnesia {unknown}
 g - 4 scrolls of enchant armour {unknown}
 h - 5 scrolls of identify {unknown}
 o - a scroll of noise {unknown}
 p - a scroll of fear {unknown}
 s - a scroll of vulnerability {unknown}
 u - a scroll of poison {unknown}
Potions
 a - a potion of resistance {unknown}
 i - a potion of lignification {unknown}
 j - 2 potions of curing {unknown}
 l - 2 potions of attraction {unknown}
 m - a potion of brilliance {unknown}
 n - a potion of mutation {unknown}
 q - 2 potions of degeneration {unknown}
 r - a potion of haste
 t - a potion of flight {unknown}


   Skills:
 + Level 1.6 Fighting
 + Level 3.3 Dodging
 + Level 5.0 Stealth
 + Level 3.0 Unarmed Combat
 + Level 4.4 Evocations


You had 5 spell levels left.
You didn't know any spells.
Your spell library contained the following spells:

 Spells                   Type           Power      Damage    Failure   Level
 Gell's Gravitas          Tloc           0%         N/A       63%         3
 Lesser Beckoning         Tloc           0%         N/A       63%         3
 Portal Projectile        Hex/Tloc       0%         N/A       63%         3
 Teleport Other           Tloc           0%         N/A       63%         3
 Tukima's Dance           Hex            0%         N/A       63%         3
 Blade Hands              Tmut           0%         N/A       100%        5
 Summon Forest            Summ/Tloc      0%         N/A       100%        5
 Eringya's Noxious Bog    Tmut/Pois      0%         N/A       100%        6
 Summon Hydra             Summ           0%         N/A       100%        7


Dungeon Overview and Level Annotations

Branches:
Dungeon (4/15)              Sewer (visited)         Ossuary (1/1)
 Temple: D:4-7

Altars:
Cheibriados
Makhleb
Uskayaw
Xom
Zin


Innate Abilities, Weirdness & Mutations

You cannot wear most types of armour.
You are amphibious.
You can wear up to eight rings at the same time.
Your skin changes colour to match your surroundings (Stealth+).
Your rubbery body absorbs attacks. (AC +1, EV +1)
((You are camouflaged when in or above water. (Stealth+)))
You have tentacles for arms and can constrict up to eight enemies at once.


Message History

You tentacle-slap the kobold zombie.
The kobold zombie is severely damaged.
You constrict the kobold zombie.
The kobold zombie completely misses you.
You tentacle-slap the kobold zombie.
You destroy the kobold zombie!
The centaur zombie closely misses you. The centaur zombie barely misses you.
A human zombie comes into view.
The hobgoblin zombie hits you.
You tentacle-slap the hobgoblin zombie. You grab the hobgoblin zombie.
You squeeze the hobgoblin zombie!
You destroy the hobgoblin zombie!
The centaur zombie hits you. The centaur zombie misses you.
You tentacle-slap the centaur zombie. You squeeze the centaur zombie.
The centaur zombie is lightly damaged.
The centaur zombie hits you. The centaur zombie closely misses you.
You tentacle-slap the centaur zombie.
The centaur zombie is moderately damaged.
The centaur zombie closely misses you. x2
The centaur zombie barely misses you. The centaur zombie kicks you.
You barely miss the centaur zombie.
The centaur zombie is moderately damaged.
The centaur zombie hits you. The centaur zombie closely misses you.
You barely miss the centaur zombie.
The centaur zombie is moderately damaged.
The centaur zombie barely misses you. The centaur zombie misses you.
You tentacle-slap the centaur zombie. You squeeze the centaur zombie!
The centaur zombie is heavily damaged.
The centaur zombie hits you.
* * * LOW HITPOINT WARNING * * *
The centaur zombie kicks you.
* * * LOW HITPOINT WARNING * * *
You tentacle-slap the centaur zombie but do no damage.
The centaur zombie is heavily damaged.
The centaur zombie closely misses you.
The centaur zombie kicks you but does no damage.
The human zombie hits you.
* * * LOW HITPOINT WARNING * * *
The centaur zombie hits you.
You die...

...................#
..######^.######...#
..# #..# #...# ..#
#^.# #...#
.Z#.####..####.#M..#
..#.......Z....#...#
..#.####.......#...#
..# #.......#...#
..# #.......#@..#
..######.∩.....#ZZ.#
..#..Z.....+####...#
..#.####...# #...#
..#. #...# #...#
..##############...#
......ZZ.....Z.....#
........∩∩.........#
####################


You could see a mummy, a centaur zombie and a human zombie.

Vanquished Creatures
  A water moccasin (Sewer)
  2 human zombies (Ossuary)
  A mummy (Ossuary)
  3 adders
  2 adder zombies (Ossuary)
  2 worms
  A dart slug (D:3)
  2 orcs (D:4)
  7 ball pythons
  2 endoplasms (D:1)
  9 giant cockroaches
  3 goblins
  2 hobgoblins
  2 kobolds
  5 quokkas (D:4)
  11 bats
  2 frilled lizards
  10 hobgoblin zombies (Ossuary)
  6 kobold zombies (Ossuary)
  7 orc zombies (Ossuary)
  5 rats
85 creatures vanquished.

Vanquished Creatures (others)
  2 quokkas (D:4)
2 creatures vanquished.

Grand Total: 87 creatures vanquished

Notes
Turn   | Place    | Note
-------+----------+-------------------------------------------
     0 | D:1      | H0rd4k the Octopode Artificer began the quest for the Orb.
     0 | D:1      | Reached XP level 1. HP: 13/13 MP: 1/1
   340 | D:1      | Found a faded altar of an unknown god.
   362 | D:1      | Reached XP level 2. HP: 18/18 MP: 2/2
   799 | D:1      | Reached XP level 3. HP: 23/23 MP: 3/3
  1647 | D:2      | Reached skill level 2 in Stealth
  2276 | D:3      | Reached XP level 4. HP: 28/28 MP: 4/4
  2583 | D:3      | Found a shimmering altar of Xom.
  2743 | D:3      | Reached skill level 3 in Stealth
  2883 | D:3      | Found a snail-covered altar of Cheibriados.
  2999 | D:3      | Found a burning altar of Makhleb.
  3022 | D:3      | Found a hide-covered altar of Uskayaw.
  3053 | D:3      | Reached skill level 1 in Unarmed Combat
  3468 | D:4      | Found a glowing silver altar of Zin.
  3715 | D:4      | Found a glowing drain.
  3735 | Sewer    | Entered a sewer
  3768 | Sewer    | Noticed a water moccasin
  3776 | Sewer    | Killed a water moccasin
  3777 | Sewer    | Reached skill level 4 in Stealth
  3777 | Sewer    | Reached XP level 5. HP: 8/33 MP: 5/5
  3876 | D:4      | Found a sand-covered staircase.
  3881 | Ossuary  | Entered an ossuary
  4115 | Ossuary  | Reached XP level 6. HP: 37/38 MP: 6/6
  4220 | Ossuary  | Reached skill level 5 in Stealth
  4273 | Ossuary  | Slain by a centaur zombie

Illustrated notes

Levels and vault maps discovered:
D:1:      psy_arrival_wood_between_worlds, layout_basic,
          shapermc_ecumenical_altar_venn, minmay_worlds_worst_comb
D:2:      layout_basic
D:3:      layout_basic, mainiacjoe_overflow_surrounded_room,
          lemuel_crystal_altar, general_overflow_altar,
          mainiacjoe_overflow_catwalk, hex_intersection
D:4:      layout_gridville, zin_statuary, enter_ossuary_5, gup_sewer_entry_pipe,
          kennysheep_diamond
Ossuary:  ossuary_tomb_1

Skill      XL: |  1  2  3  4  5  6 |
---------------+-------------------+-----
Evocations     | 4 |  4.4
Stealth        | 2 4 5 |  5.0
Dodging        | 3 |  3.3
Unarmed Combat | 2 3 |  3.0
Fighting       | |  1.6

Action                   |  1- 3 |  4- 6 || total
-------------------------+-------+-------++-------
Melee: Unarmed           |    74 |   136 ||   210
       Constrict         |    26 |    43 ||    69
       Tentacles         |    21 |    32 ||    53
       Punch             |     1 |     2 ||     3
Evoke: Wand              |       |    20 ||    20
 Stab: Sleeping          |    13 |    12 ||    25
Armor: Skin              |    14 |    15 ||    29
Dodge: Dodged            |    53 |    91 ||   144
